 Dungeon Crawl Stone Soup version 0.22.0-75-g3901e79 (webtiles) character file.

714 Fang the Chopper (level 7, -8/66 HPs)
             Began as a Gargoyle Berserker on Sept 12, 2018.
             Was a Believer of Trog.
             Mangled by an orc warrior
             ... wielding a +0 short sword
              (14 damage)
             ... on level 6 of the Dungeon.
             The game lasted 00:03:37 (5733 turns).

Fang the Chopper (Gargoyle Berserker)               Turns: 5733, Time: 00:03:37

Health: -8/66      AC:  6    Str: 28    XL:     7   Next: 69%
Magic:  7/7        EV: 13    Int:  7    God:    Trog [**....]
Gold:   266        SH:  0    Dex:  9    Spells: 6/6 levels left

rFire    . . .     SeeInvis +   a - +0 hand axe
rCold    . . .     Gourm    .   (no shield)
rNeg     + . .     Faith    .   b - +0 animal skin
rPois    ∞         Spirit   .   (no helmet)
rElec    +         Reflect  .   o - scarf {repulsion}
rCorr    .         Harm     .   (no gloves)
MR       .....                  (no boots)
Stlth    ..........             (no amulet)
HPRegen  0.21/turn              x - ring of see invisible
MPRegen  0.10/turn              (no ring)

@: berserking (expiring), repel missiles, very quick
A: negative energy resistance 1, electricity resistance, unbreathing,
petrification resistance, rot immunity, AC +4
a: Berserk, Trog's Hand, Renounce Religion


You were on level 6 of the Dungeon.
You worshipped Trog.
Trog was pleased with you.
You were very hungry.

You visited 2 branches of the dungeon, and saw 7 of its levels.

You collected 266 gold pieces.

Inventory:

Hand Weapons
 a - a +0 hand axe (weapon)
Armour
 b - a +0 animal skin (worn)
 o - a scarf of repulsion (worn)
Jewellery
 x - a ring of see invisible (left hand)
Wands
 r - a wand of iceblast (9)
 w - a wand of polymorph (14)
Scrolls
 f - 3 scrolls of enchant armour {unknown}
 g - 4 scrolls of identify {unknown}
 h - a scroll of fog {unknown}
 i - 3 scrolls of teleportation {unknown}
 j - 3 scrolls of magic mapping {unknown}
 l - 3 scrolls of blinking {unknown}
 m - a scroll of fear {unknown}
 n - 2 scrolls of remove curse {unknown}
 u - a scroll of enchant weapon {unknown}
Potions
 d - 3 potions of lignification {unknown}
 e - 2 potions of curing {unknown}
 k - 2 potions of brilliance {unknown}
 p - a potion of degeneration {unknown}
 q - 2 potions of haste {unknown}
 s - a potion of mutation {unknown}
 t - a potion of resistance {unknown}
 v - 3 potions of magic {unknown}
Comestibles
 c - 5 rations


   Skills:
 + Level 4.8 Fighting
 + Level 6.1 Axes
 + Level 2.1 Armour
 + Level 3.7 Dodging
 + Level 1.9 Stealth


You had 6 spell levels left.
You didn't know any spells.
Your spell library was empty.

Dungeon Overview and Level Annotations

Branches:
Dungeon (6/15)             Temple (1/1) D:4

Altars:
Cheibriados
Trog
Yredelemnul

Shops:
D:4 [

Annotations:
D:5 2 transporters, lmSkywalker's ghost, amateur TrTm


Innate Abilities, Weirdness & Mutations

You are resistant to torment.
Your stone body is resilient. (AC +4)
You are immune to poison.
You resist negative energy. (rN+)
You are resistant to electric shocks. (rElec)
You can survive without breathing.
You are immune to petrification.
You are immune to rotting.


Message History

The orc priest miscasts a cantrip.
Unknown command.
You closely miss the orc warrior.
The orc warrior is almost dead.
You hit the orc priest. The orc warrior closely misses you.
The orc priest mumbles some strange prayers to Beogh against you.
Pain shoots through your body!
* * * LOW HITPOINT WARNING * * *
Unknown command.
You closely miss the orc warrior.
The orc warrior is almost dead.
You slash the orc priest!
You kill the orc priest!
Trog accepts your kill.
Unknown command.
You barely miss the orc warrior.
The orc warrior is almost dead.
You slash the orc priest!
The orc warrior hits you with a short sword!
You die...

#####
.... ..
###..#
...#....#
......)$#
......oo#
#.....#@#
#.....).#
###.#.###
.....
###..
.... ###.
..


You could see an orc warrior and an orc priest.

Vanquished Creatures
  An ice beast (D:5)
  An ogre (D:4)
  A centaur (D:5)
  A scorpion (D:4)
  A crimson imp (D:5)
  A hound (D:5)
  3 orc priests
  2 iguanas (D:5)
  A worker ant (D:4)
  Robin (D:2)
  A worker ant zombie (D:5)
  A gnoll (D:1)
  6 adders
  2 worms (D:3)
  A dart slug (D:1)
  3 leopard geckos
  9 orcs
  5 giant cockroaches
  14 goblins
  9 hobgoblins
  2 jackals (D:1)
  9 bats
  3 frilled lizards
  5 kobolds
  2 rats (D:1)
85 creatures vanquished.

Notes
Turn   | Place    | Note
-------+----------+-------------------------------------------
     0 | D:1      | Fang the Gargoyle Berserker began the quest for the Orb.
     0 | D:1      | Reached XP level 1. HP: 14/14 MP: 1/1
    54 | D:1      | Reached XP level 2. HP: 3/19 MP: 2/2
   980 | D:1      | You fall through a shaft!
  1018 | D:2      | Reached skill level 3 in Axes
  1018 | D:2      | Reached XP level 3. HP: 23/23 MP: 3/3
  1415 | D:2      | Noticed Robin
  1422 | D:2      | Reached ** piety under Trog
  1432 | D:2      | Killed Robin
  1432 | D:2      | Reached XP level 4. HP: 29/29 MP: 4/4
  2170 | D:3      | Reached skill level 1 in Stealth
  2170 | D:3      | Reached XP level 5. HP: 22/33 MP: 5/5
  2712 | D:3      | Reached skill level 4 in Axes
  2853 | D:4      | Found Eciy's Antique Armour Boutique.
  3060 | D:4      | Found a staircase to the Ecumenical Temple.
  3256 | Temple   | Entered the Ecumenical Temple
  3292 | D:4      | Noticed an ogre
  3302 | D:4      | Killed an ogre
  3302 | D:4      | Reached XP level 6. HP: 36/39 MP: 6/6
  4009 | D:5      | Entered Level 5 of the Dungeon
  4044 | D:5      | Reached skill level 5 in Axes
  4044 | D:5      | Reached XP level 7. HP: 38/44 MP: 7/7
  4145 | D:5      | Found a transporter.
  4151 | D:5      | Noticed lmSkywalker's ghost (amateur TrTm)
  4155 | D:5      | Found a transporter.
  4790 | D:5      | Found a snail-covered altar of Cheibriados.
  5387 | D:5      | Reached skill level 6 in Axes
  5733 | D:6      | Mangled by an orc warrior

Skill      XL: |  1  2  3  4  5  6  7 |
---------------+----------------------+-----
Dodging        | 2 3 |  3.7
Axes           | 3 4 5 6 |  6.1
Stealth        | 1 |  1.9
Fighting       | 4 |  4.8
Armour         | |  2.1

Action                   |  1- 3 |  4- 6 |  7- 9 || total
-------------------------+-------+-------+-------++-------
Melee: Hand axe          |    98 |   181 |    73 ||   352
Invok: Berserk           |     2 |     3 |     3 ||     8
 Stab: Sleeping          |     2 |       |     1 ||     3
  Eat: Chunk             |     2 |     9 |     4 ||    15
       Ration            |       |     1 |     1 ||     2
Armor: Animal skin       |    38 |    59 |    11 ||   108
Dodge: Dodged            |    85 |   121 |    51 ||   257
       Deflected         |       |     3 |       ||     3
